 Dungeon Crawl Stone Soup version 0.28-a0-1629-gf728b707aa (webtiles) character file.

Game seed: 5273791669546122690

16 porpoise the Insei (level 2, -1/22 HPs)
             Began as a Demonspawn Transmuter on Jan 25, 2022.
             Succumbed to a gnoll's poison
             ... on level 1 of the Dungeon.
             The game lasted 00:02:05 (873 turns).

porpoise the Insei (Demonspawn Transmuter)           Turns: 873, Time: 00:02:05

Health: -1/22      AC:  2    Str: 10    XL:     2   Next: 41%
Magic:  4/5        EV: 12    Int: 14    God:
Gold:   67         SH:  0    Dex: 13    Spells: 4/5 levels left

rFire   . . .      SeeInvis .     - Unarmed
rCold   . . .      Faith    .   (no shield)
rNeg    . . .      Spirit   .   a - +0 robe
rPois   .          Reflect  .   (no helmet)
rElec   .          Harm     .   (no cloak)
rCorr   .          Rampage  .   (no gloves)
Will    .....                   (no boots)
Stlth   +.........              c - amulet of the acrobat
HPRegen 0.07/turn               (no ring)
MPRegen 0.09/turn               (no ring)

@: lethally poisoned (-1 -> -13)
A: demonic guardian 1
a: no special abilities


You were on level 1 of the Dungeon.
You visited 1 branch of the dungeon, and saw 2 of its levels.

You collected 67 gold pieces.

Inventory:

Missiles
 b - 22 stones
 f - 3 boomerangs (quivered)
 l - 19 sling bullets
Armour
 a - a +0 robe (worn)
Jewellery
 c - an amulet of the acrobat (around neck)
Scrolls
 d - 2 scrolls of enchant weapon {unknown}
 g - a scroll of summoning {unknown}
 h - a scroll of fog {unknown}
 i - 2 scrolls of identify {unknown}
 k - a scroll of amnesia {unknown}
Potions
 e - a potion of resistance {unknown}
 j - 2 potions of mutation {unknown}
 m - a potion of invisibility {unknown}


   Skills:
 + Level 1.8 Fighting
 - Level 1.7 Dodging
 + Level 3.1 Unarmed Combat
 - Level 2.0 Spellcasting
 - Level 1.7 Transmutations


You had 4 spell levels left.
You knew the following spells:

 Your Spells              Type           Power      Damage    Failure   Level
a - Beastly Appendage     Tmut           12%        N/A       12%         1

Your spell library contained the following spells:

 Spells                   Type           Power      Damage    Failure   Level
 Wereblood                Tmut           6%         N/A       17%         2
 Spider Form              Tmut/Pois      3%         N/A       45%         3
 Stone Arrow              Conj/Erth      2%         3d7       56%         3
 Ice Form                 Ice/Tmut       3%         N/A       86%         4
 Animate Armour           Summ/Erth      2%         N/A       93%         4
 Lehudib's Crystal Spear  Conj/Erth      0%         10d2      100%        8


Dungeon Overview and Level Annotations

Branches:
Dungeon (2/15)

Altars:


Innate Abilities, Weirdness & Mutations

A weak demonic guardian rushes to your aid.


Message History

m - a fuming grey potion A bat comes into view.
A dart slug and a gnoll come into view.
The gnoll is wielding a +1 whip of venom.
Found a faded altar of an unknown god.
The gnoll moves out of view. 2 gnolls come into view.
The gnoll shouts!
The bat completely misses you. The bat completely misses you.
The bat completely misses you. The bat misses you. The bat barely misses you.
There is a stone staircase leading up here.
Casting: Beastly Appendage (safe; 12% risk of failure)
Confirm with . or Enter, or press ? or * to list all spells.
You miscast Beastly Appendage.
You are very lightly contaminated with residual magic.
Nothing appears to happen.
The bat hits you but does no damage.
You hit the bat.
You kill the bat!
You hit the gnoll but do no damage. The gnoll hits you with a +0 whip.
The gnoll barely misses you. x2
You climb upwards.
There is a stone staircase leading down here.
The gnoll hits you with a +0 whip.
Your magical contamination has completely faded away.
You hit the gnoll.
The gnoll is moderately wounded.
The gnoll hits you with a +1 whip of venom!
* * * LOW HITPOINT WARNING * * *
You are lethally poisoned!
You are too injured to fight recklessly!
You hit the gnoll.
The gnoll is heavily wounded.
* * * LOW HITPOINT WARNING * * *
You feel very sick. The gnoll closely misses you.
You completely miss the gnoll.
The gnoll is heavily wounded.
You die...

#.##....#......#.#####.†###
#.##........†...........#
#.##..#.#.##..##.######.#
#.##..........##.# #.#
#.##..#....#..##.# #.#
#.##..#.......##.# #.#
#.##..#....##.##.# #.#
##.##..#.###......## #.#
#......##.#@##.....# #.#
#..###.###g#####.#.# #.#
#....^...>g# #.#.# #.#
#.####.##### #.#.# #.# #.#
#..# #.#.# #.### #.# ##.##
##.#.# #.##.
#.####...######....# #.#..
#..................## #....
#......>............#
####..


You could see 2 gnolls.

Vanquished Creatures
  A bat (D:2)
  An endoplasm (D:1)
  3 giant cockroaches (D:1)
  3 goblins
  A hobgoblin (D:1)
  A ball python (D:1)
  A frilled lizard (D:1)
  4 rats (D:1)
15 creatures vanquished.

Notes
Turn   | Place    | Note
-------+----------+-------------------------------------------
     0 | D:1      | porpoise the Demonspawn Transmuter began the quest for the
                  | Orb.
     0 | D:1      | Reached XP level 1. HP: 15/15 MP: 3/3
   374 | D:1      | Reached skill level 3 in Unarmed Combat
   376 | D:1      | Gained mutation: A weak demonic guardian rushes to your
                  | aid. [demonic ancestry]
   376 | D:1      | Reached XP level 2. HP: 21/21 MP: 3/5
   851 | D:2      | Found a faded altar of an unknown god.
   872 | D:1      | HP: 1/22 [poisoned by a gnoll]
   873 | D:1      | Succumbed to a gnoll's poison

Illustrated notes

Levels and vault maps discovered:
D:1:      erik_arrival_orb_chamber, layout_loops_ring, minmay_cut_off
D:2:      layout_loops_cross, shapermc_ecumenical_altar_starsandcircs

Skill      XL: |  1 |
---------------+----+-----
Unarmed Combat | 3 |  3.1
Fighting       | |  1.8
Dodging        | |  1.7
Spellcasting   | |  2.0
Transmutations | |  1.7

Action                   || total
-------------------------++-------
Melee: Unarmed           ||    36
       Headbutt          ||     2
       Kick              ||     5
Throw: Boomerang         ||     2
 Cast: Beastly Appendage ||     7
 Stab: Sleeping          ||     1
Armor: Robe              ||     4
Dodge: Dodged            ||    22

Table legend: (Time is in decaauts)
 A = Elapsed time spent in this place.
 B = Non-inter-level travel time spent in this place.
 C = Inter-level travel time spent in this place.
 D = Time resting spent in this place.
 E = Time spent auto-exploring this place.
 F = Levels seen in this place.
 G = Mean time per level.
                   A        B        C        D        E       F      G
               +--------+--------+--------+--------+--------+-----+--------+
         Total |    871 |    859 |     12 |     83 |    644 |   2 |  435.5 |
       Dungeon |    871 |    859 |     12 |     83 |    644 |   2 |  435.5 |
               +--------+--------+--------+--------+--------+-----+--------+

Top non-repeatable levels by time:
     D:1: 803 daAuts
     D:2: 68 daAuts
